 Dungeon Sprint DCSS version 0.29.1-12-g30fa7ad0bf (webtiles) character file.

Game seed: 8580751829907772646

2389 Groucho the Nimble (level 9, -2/39 HPs)
             Began as a Spriggan Earth Elementalist on Dec 28, 2022.
             Was a High Priest of Vehumet.
             Hit by a large rock thrown by a cyclops (41 damage)
             ... in the Dungeon (Sprint VII: "The Pits").
             The game lasted 00:11:18 (4234 turns).

Groucho the Nimble (Spriggan Earth Elementalist)    Turns: 4234, Time: 00:11:19

Health: -2/39      AC:  3    Str:  7    XL:     9   Next: 22%
Magic:  15/24      EV: 24    Int: 23    God:    Vehumet [*****.]
Gold:   0          SH:  0    Dex: 16    Spells: 17/28 levels left

rFire   . . .      SeeInvis +   r - +4 quarterstaff (speed)
rCold   . . .      Faith    .   (shield currently unavailable)
rNeg    . . .      Spirit   .   a - +0 robe
rPois   .          Reflect  .   (helmet restricted)
rElec   .          Harm     .   h - +0 cloak
rCorr   .          Rampage  .   (gloves unavailable)
Will    +....      NoTele   +   (boots unavailable)
Stlth   ++........              (no amulet)
HPRegen 0.13/turn               n - +3 ring of strength
MPRegen 0.19/turn               o - +3 ring of intelligence

@: very quick
A: very small, no large weapons, unfitting armour, see invisible, speed 3
a: Renounce Religion


You were in the Dungeon.
You worshipped Vehumet.
Vehumet was extremely pleased with you.
You visited 1 branch

Inventory:

Hand Weapons
 r - a +4 quarterstaff of speed (weapon)
Missiles
 j - 9 stones (quivered)
Armour
 a - a +0 robe (worn)
 h - a +0 cloak (worn)
Jewellery
 n - a +3 ring of strength (left hand)
 o - a +3 ring of intelligence (right hand)
Scrolls
 g - a scroll of blinking
 k - 5 scrolls of amnesia
 l - a scroll of summoning
Potions
 b - 5 potions of magic
 c - 5 potions of curing
 d - 10 potions of heal wounds
 e - 2 potions of haste
 f - 3 potions of berserk rage
 p - 3 potions of might
 q - a potion of mutation


   Skills:
 + Level 11.0 Dodging
 - Level 3.0 Stealth
 + Level 10.3 Spellcasting
 * Level 7.9 Conjurations
 - Level 5.0 Transmutations
 + Level 2.5 Fire Magic
 - Level 5.0 Air Magic
 * Level 10.8 Earth Magic
 - Level 5.0 Poison Magic


You had 17 spell levels left.
You knew the following spells:

 Your Spells              Type           Power      Damage    Failure   Level
a - Sandblast             Erth           100%       2d20      1%          1
b - Stone Arrow           Conj/Erth      100%       3d13      1%          3
c - Mephitic Cloud        Conj/Pois/Air  39%        N/A       1%          3
d - Flame Wave            Conj/Fire      35%        2d10      1%          4

Your spell library contained the following spells:

 Spells                   Type           Power      Damage    Failure   Level
 Passwall                 Tmut/Erth      40%        N/A       1%          2
 Petrify                  Tmut/Erth      48%        N/A       1%          4


Dungeon Overview and Level Annotations

Branches:
Dungeon (1/1)

Altars:
Ashenzari
Cheibriados
Dithmenos
Elyvilon
Fedhas
Gozag
Hepliaklqana
Kikubaaqudgha
Makhleb
Nemelex Xobeh
Okawaru
Qazlal
Ru
Sif Muna
Trog
Uskayaw
Vehumet
Wu Jian
Xom
Yredelemnul
Zin
The Shining One
Jiyva
Lugonu


Innate Abilities, Weirdness & Mutations

You are very small and have problems with some larger weapons.
You are too small for most types of armour.
You have supernaturally acute eyesight. (SInv)
You cover ground extremely quickly. (Speed+++)


Message History

You start resting.
You flicker for a moment.
You start resting.
You flicker back into view.
You start resting.
Magic restored.
You start waiting.
You start waiting.
You start waiting.
You start waiting.
Done waiting.
A cyclops comes into view.
There is an open door here.
Casting: Sandblast (safe; 1% risk of failure)
Confirm with . or Enter, or press ? or * to list all spells.
Aiming: Stone Arrow (safe; 1% risk of failure)
Press: ? - help, Shift-Dir - straight line, f - cyclops
Aim: a cyclops, quivering large rocks (asleep, 100% to hit)
The stone arrow hits the cyclops!
The cyclops is moderately wounded.
Casting: Stone Arrow (safe; 1% risk of failure)
Confirm with . or Enter, or press ? or * to list all spells.
Aiming: Stone Arrow (safe; 1% risk of failure)
Press: ? - help, Shift-Dir - straight line, f/p - cyclops
Aim: a cyclops, quivering large rocks (moderately wounded, 98% to hit)
The stone arrow hits the cyclops!
The cyclops is heavily wounded.
The cyclops throws a large rock.
The large rock closely misses you.
Unknown command.
Unknown command.
Casting: Stone Arrow (safe; 1% risk of failure)
Confirm with . or Enter, or press ? or * to list all spells.
Aiming: Stone Arrow (safe; 1% risk of failure)
Press: ? - help, Shift-Dir - straight line, f/p - cyclops
Aim: a cyclops, quivering large rocks (heavily wounded, 98% to hit)
The stone arrow hits the cyclops!!
The cyclops is almost dead.
The cyclops throws a large rock.
The large rock hits you!!!
Ouch! That really hurt!
You die...

'#####......#..#......#
.#..##................#
.'..#####'#####''######
##'###.......##''#####
....##.......##.)....#
....##.......##....###
'#####...<...##...##.+
).[.##.......##..##..#
))[.##.......##.@#).#
######.......##..#..#
.#.. ##########..'..+
.#.############..#..#
.#.#....#..[[##..#.C#
.#'#....#..[.##..##..#
.#.'†...'..))##... #.+
.#'#....#..))##.... ##
.'.#....#..))##.....


You could see a cyclops.

Vanquished Creatures
  A swamp dragon (D)
  A gargoyle (D)
  3 kobold demonologists (D)
  An efreet (D)
  A jumping spider (D)
  A fire bat (D)
  Edmund (D)
  A necrophage (D)
  2 scorpions (D)
  A jelly (D)
  2 iguanas (D)
  An adder (D)
  2 river rats (D)
  An adder skeleton (D)
  A bat zombie (D)
  An endoplasm (D)
  A goblin (D)
  A hobgoblin (D)
  2 quokkas (D)
  A ball python (D)
  A ball python skeleton (D)
  A bat (D)
  A frilled lizard (D)
  A rat (D)
30 creatures vanquished.

Notes
Turn   | Place    | Note
-------+----------+-------------------------------------------
     0 | D        | Groucho the Spriggan Earth Elementalist began the quest for
                  | the Orb.
     0 | D        | Reached XP level 1. HP: 9/9 MP: 5/5
    39 | D        | Found a glowing golden altar of the Shining One.
    39 | D        | Found a glowing silver altar of Zin.
    39 | D        | Found a basalt altar of Yredelemnul.
    39 | D        | Found a shimmering altar of Xom.
    39 | D        | Found an ornate altar of the Wu Jian Council.
    39 | D        | Found a bloodstained altar of Trog.
    39 | D        | Found a shimmering blue altar of Sif Muna.
    39 | D        | Found a sacrificial altar of Ru.
    39 | D        | Found a stormy altar of Qazlal.
    39 | D        | Found an iron altar of Okawaru.
    39 | D        | Found a sparkling altar of Nemelex Xobeh.
    39 | D        | Found a burning altar of Makhleb.
    39 | D        | Found a viscous altar of Jiyva.
    39 | D        | Found a hazy altar of Hepliaklqana.
    39 | D        | Found an opulent altar of Gozag.
    39 | D        | Found a blossoming altar of Fedhas.
    39 | D        | Found a white marble altar of Elyvilon.
    39 | D        | Found a shadowy altar of Dithmenos.
    39 | D        | Found a snail-covered altar of Cheibriados.
    40 | D        | Found a radiant altar of Vehumet.
    40 | D        | Found a corrupted altar of Lugonu.
    41 | D        | Found a hide-covered altar of Uskayaw.
    41 | D        | Found an ancient bone altar of Kikubaaqudgha.
    41 | D        | Found a broken altar of Ashenzari.
    48 | D        | Became a worshipper of Vehumet
    66 | D        | Reached skill level 3 in Dodging
    88 | D        | Reached * piety under Vehumet
    88 | D        | Offered knowledge of Shock by Vehumet.
   450 | D        | Noticed a scorpion
   461 | D        | Reached XP level 2. HP: 13/13 MP: 3/7
   818 | D        | Offered knowledge of Freeze by Vehumet.
   822 | D        | Reached ** piety under Vehumet
   823 | D        | Reached skill level 4 in Dodging
  1195 | D        | Reached XP level 3. HP: 16/16 MP: 6/9
  1199 | D        | Learned a level 3 spell: Stone Arrow
  1407 | D        | Offered knowledge of Mephitic Cloud by Vehumet.
  1408 | D        | Reached skill level 5 in Dodging
  1408 | D        | Reached skill level 5 in Earth Magic
  1678 | D        | Learned a level 3 spell: Mephitic Cloud
  1691 | D        | Noticed a fire bat
  1984 | D        | Killed a fire bat
  1984 | D        | Reached *** piety under Vehumet
  1985 | D        | Reached skill level 6 in Dodging
  1985 | D        | Reached skill level 5 in Transmutations
  1985 | D        | Reached XP level 4. HP: 21/21 MP: 11/13
  1985 | D        | Reached XP level 5. HP: 24/24 MP: 11/14
  2003 | D        | Offered knowledge of Hailstorm by Vehumet.
  2004 | D        | Reached skill level 7 in Dodging
  2360 | D        | Noticed a kobold demonologist
  2373 | D        | Killed a kobold demonologist
  2373 | D        | Reached **** piety under Vehumet
  2373 | D        | Offered knowledge of Inner Flame by Vehumet.
  2374 | D        | Reached skill level 8 in Dodging
  2374 | D        | Reached XP level 6. HP: 28/28 MP: 13/17
  2684 | D        | Noticed Edmund
  2688 | D        | Reached skill level 5 in Conjurations
  2689 | D        | Reached XP level 7. HP: 25/32 MP: 6/19
  2745 | D        | Killed Edmund
  2745 | D        | Reached ***** piety under Vehumet
  2975 | D        | Offered knowledge of Flame Wave by Vehumet.
  3015 | D        | Noticed an efreet
  3017 | D        | Noticed a kobold demonologist
  3019 | D        | Reached skill level 9 in Dodging
  3023 | D        | Noticed a neqoxec
  3034 | D        | Killed a kobold demonologist
  3035 | D        | Killed an efreet
  3036 | D        | Reached XP level 8. HP: 36/36 MP: 3/21
  3179 | D        | Learned a level 4 spell: Flame Wave
  3181 | D        | Noticed a gargoyle
  3185 | D        | Killed a gargoyle
  3186 | D        | Reached skill level 10 in Dodging
  3186 | D        | Reached skill level 5 in Poison Magic
  3506 | D        | Noticed a jumping spider
  3508 | D        | Noticed a swamp dragon
  3823 | D        | Killed a swamp dragon
  3824 | D        | Reached skill level 1 in Fire Magic
  3824 | D        | Reached skill level 5 in Air Magic
  3824 | D        | Reached skill level 10 in Earth Magic
  3824 | D        | Reached XP level 9. HP: 39/39 MP: 13/23
  3834 | D        | Reached skill level 10 in Spellcasting
  3835 | D        | Noticed a kobold demonologist
  3839 | D        | Killed a kobold demonologist
  3840 | D        | Reached skill level 11 in Dodging
  4229 | D        | Noticed a cyclops
  4234 | D        | Hit by a large rock thrown by a cyclops

Illustrated notes

Levels and vault maps discovered:
D:        pitsprint [storerooms_1, entrance_room_1, metal_vault_6, armoury_2,
          mini_pit_1, grid_room_1, main_hall_1, silver_pit, the_coven_2,
          the_vestibule_1, steel_vault_1, golden_pit, hallway_of_sentries,
          crystal_vault_1, iron_vault_5, final_vault]

Skill      XL: |  1  2  3  4  5  6  7  8  9 |
---------------+----------------------------+-----
Dodging        | 3 4 6 8 9 10 11 | 11.0
Spellcasting   | 3 4 6 7 8 9 10 | 10.3
Transmutations | 3 5 |  5.0
Earth Magic    | 3 4 6 8 9 10 | 10.8
Conjurations   | 3 4 5 6 7 |  7.9
Air Magic      | 2 4 5 |  5.0
Poison Magic   | 2 3 4 5 |  5.0
Fire Magic     | 1 2 |  2.5
Stealth        | |  3.0

Action                   |  1- 3 |  4- 6 |  7- 9 || total
-------------------------+-------+-------+-------++-------
Throw: Stone             |     1 |       |       ||     1
 Cast: Sandblast         |    29 |     8 |     9 ||    46
       Stone Arrow       |       |     4 |    30 ||    34
       Mephitic Cloud    |       |       |     1 ||     1
  Use: Potion            |     1 |       |     5 ||     6
Armor: Robe              |     1 |       |       ||     1
Dodge: Dodged            |    14 |     5 |     6 ||    25
